 Dungeon Crawl Stone Soup version 0.30-a0-381-g6ea064c7b4 (webtiles) character file.

Game seed: 5137257940249521502

520 qeuew the Shooter (level 7, -6/52 HPs)
             Began as a Formicid Hunter on Dec 2, 2022.
             Was a Believer of Fedhas.
             Mangled by Edmund
             ... wielding a +3 vorpal flail
              (8 damage)
             ... on level 5 of the Dungeon.
             The game lasted 00:05:39 (4209 turns).

qeuew the Shooter (Formicid Hunter)                 Turns: 4209, Time: 00:05:40

Health: -6/52      AC:  5    Str: 16    XL:     7   Next: 45%
Magic:  9/9        EV: 10    Int:  8    God:    Fedhas [**....]
Gold:   193        SH:  9    Dex: 19    Spells: 6/6 levels left

rFire   x . .      SeeInvis +    a - +0 shortbow (vorpal)
rCold   + . .      Faith    .    i - +0 kite shield
rNeg    + . .      Spirit   .    n - +0 ring mail {rC+}
rPois   .          Reflect  .    (helmet unavailable)
rElec   .          Harm     .    (no cloak)
rCorr   .          Rampage  .    (no gloves)
Will    .....                    (no boots)
Stlth   ++........               (no amulet)
HPRegen 0.28/turn                f - ring of positive energy
MPRegen 0.11/turn                g - ring of flight

@: flying
A: permanent stasis, dig shafts and tunnels, antennae 3, four strong arms,
evolution 1, heat vulnerability 1
a: Dig, Shaft Self, Renounce Religion, Wall of Briars


You were on level 5 of the Dungeon.
You worshipped Fedhas.
Fedhas was pleased with you.
You visited 1 branch of the dungeon, and saw 5 of its levels.

You collected 193 gold pieces.

Inventory:

Hand Weapons
 a - a +0 vorpal shortbow (weapon)
Armour
 i - a +0 kite shield (worn)
 n - a +0 ring mail of cold resistance (worn)
Jewellery
 f - a ring of positive energy (left hand)
 g - a ring of flight (right hand)
Wands
 e - a wand of roots (10)
 h - a wand of paralysis (13)
Scrolls
 l - a scroll of summoning
 m - a scroll of magic mapping
Potions
 b - a potion of brilliance


   Skills:
 + Level 3.4 Fighting
 * Level 5.4 Ranged Weapons
 * Level 2.6 Armour
 + Level 2.8 Dodging
 + Level 3.3 Stealth
 * Level 2.6 Shields
 * Level 2.9 Invocations
 + Level 1.1 Evocations


You had 6 spell levels left.
You didn't know any spells.
Your spell library contained the following spells:

 Spells                   Type           Power      Damage    Failure   Level
 Apportation              Tloc           0%         N/A       89%         1
 Necrotise                Necr           0%         1d4       89%         1
 Slow                     Hex            0%         N/A       89%         1
 Summon Small Mammal      Summ           0%         N/A       89%         1
 Cigotuvi's Dreadful Rot  Necr/Pois/Air  0%         N/A       96%         2
 Confusing Touch          Hex            0%         N/A       99%         3
 Vampiric Draining        Necr           0%         2d6       99%         3
 Dispel Undead            Necr           0%         3d6       100%        4
 Summon Lightning Spire   Summ/Air       0%         N/A       100%        4
 Death Channel            Necr           0%         N/A       100%        6
 Storm Form               Tmut/Air       0%         N/A       100%        7
 Maxwell's Capacitive Co  Air            0%         ∞         100%        8


Dungeon Overview and Level Annotations

Branches:
Dungeon (5/15)
 Temple: D:4-7

Altars:
Fedhas
Sif Muna
Yredelemnul
The Shining One

Shops:
D:3 =

Annotations:
D:5 Edmund


Innate Abilities, Weirdness & Mutations

You cannot be hasted, slowed, berserked, paralysed or teleported.
You can dig through walls and to a lower floor.
You have a pair of large antennae on your head. (SInv)
Your four strong arms can wield two-handed weapons with a shield.
You have hidden genetic potential.
You are vulnerable to heat. (rF-)


Message History

You shoot an arrow. The arrow hits the orc.
You kill the orc!
Fedhas appreciates your contribution to the ecosystem.
No target in view!
No target in view!
No target in view!
Your hearing returns.
HP restored.
Items here: ))) [[ ††.
You reach down and open the door.
Found a spear.
No target in view!
There is an open door here.
Found a flail.
No target in view!
You sense a monster nearby.
No target in view!
Edmund the Younger comes into view.
He is wielding a +3 vorpal flail.
You shoot an arrow.
The arrow hits Edmund but does no damage.
Edmund is nearby!
You shoot an arrow. The arrow hits Edmund.
Edmund is lightly wounded.
Edmund drinks a potion.
Edmund seems to grow stronger.
You shoot an arrow. The arrow barely misses Edmund.
You shoot an arrow. The arrow hits Edmund.
Edmund is lightly wounded.
You block Edmund's attack. Edmund hits you with a +3 vorpal flail.
You shoot an arrow.
The arrow hits Edmund but does no damage.
Edmund is lightly wounded.
You block Edmund's attack.
You shoot an arrow. The arrow hits Edmund.
Edmund is moderately wounded.
Edmund closely misses you. Edmund hits you with a +3 vorpal flail!
You are too injured to fight recklessly!
Edmund hits you with a +3 vorpal flail!!
* * * LOW HITPOINT WARNING * * *
You die...
Fedhas appreciates your contribution to the ecosystem.

.≈≈≈≈≈≈≈≈≈≈≈≈≈≈
..≈≈≈≈≈≈≈≈≈≈≈≈≈
....≈≈≈≈≈≈≈≈≈..
......≈≈≈≈≈....
...............
#..........## #.#
#...$...... #.# #..@#
#.# ##@## #.# #.# #.#
#.# #.# #######.## #.#
.........## #<#
#####.....## ####.###
#.......## ##.......
#.........####...##.##
+.......).'........)).


You could see Edmund (strong).

Vanquished Creatures
  A phantom (D:3)
  A kobold brigand (D:4)
  A hound (D:4)
  2 orc priests
  Terence (D:2)
  An orc wizard (D:5)
  Robin (D:2)
  4 adders
  2 adder zombies (D:4)
  A dart slug (D:3)
  8 orcs
  4 ball pythons
  3 bats
  10 endoplasms
  5 giant cockroaches
  11 goblins
  11 hobgoblins
  2 jackals (D:3)
  4 kobolds
  4 quokkas
  A frilled lizard (D:1)
  12 rats
90 creatures vanquished.

Vanquished Creatures (collateral kills)
  An orc priest (D:4)
  2 orc wizards (D:4)
  An orc (D:4)
4 creatures vanquished.

Grand Total: 94 creatures vanquished

Notes
Turn   | Place    | Note
-------+----------+-------------------------------------------
     0 | D:1      | qeuew the Formicid Hunter began the quest for the Orb.
     0 | D:1      | Reached XP level 1. HP: 16/16 MP: 1/1
   207 | D:1      | Reached XP level 2. HP: 22/22 MP: 2/2
   411 | D:1      | Found a faded altar of an unknown god.
  1122 | D:2      | Reached XP level 3. HP: 28/28 MP: 3/3
  1177 | D:2      | Reached skill level 1 in Armour
  1177 | D:2      | Noticed Robin
  1184 | D:2      | You fall into a shaft and drop 1 floor!
  1325 | D:3      | Found a blossoming altar of Fedhas.
  1387 | D:3      | Became a worshipper of Fedhas Madash
  1532 | D:2      | Killed Robin
  1533 | D:2      | Reached XP level 4. HP: 34/34 MP: 4/4
  1682 | D:2      | Found a glowing golden altar of the Shining One.
  1719 | D:2      | Noticed Terence
  1730 | D:2      | Killed Terence
  1731 | D:2      | Reached XP level 5. HP: 34/40 MP: 5/5
  1918 | D:2      | Reached skill level 1 in Invocations
  2035 | D:2      | Reached * piety under Fedhas
  2416 | D:3      | Found Georolik's Jewellery Shop.
  2608 | D:3      | Noticed a phantom
  2620 | D:3      | Killed a phantom
  2621 | D:3      | Reached skill level 5 in Ranged Weapons
  2621 | D:3      | Reached skill level 1 in Shields
  2621 | D:3      | Reached XP level 6. HP: 41/47 MP: 5/7
  3128 | D:4      | Found a basalt altar of Yredelemnul.
  3257 | D:4      | Reached ** piety under Fedhas
  3421 | D:4      | Reached XP level 7. HP: 30/52 MP: 4/8
  3530 | D:4      | Reached skill level 1 in Evocations
  3811 | D:4      | Found a shimmering blue altar of Sif Muna.
  4080 | D:4      | Gained mutation: You have hidden genetic potential. [potion
                  | of mutation]
  4080 | D:4      | Gained mutation: You are vulnerable to heat. (rF-) [potion
                  | of mutation]
  4089 | D:5      | Entered Level 5 of the Dungeon
  4202 | D:5      | Noticed Edmund
  4209 | D:5      | HP: 2/52 [Edmund/+3 vorpal flail (23)]
  4209 | D:5      | Mangled by Edmund

Illustrated notes

Levels and vault maps discovered:
D:1:      minmay_arrival_five_plusses, layout_basic,
          hellmonk_ecumenical_altar_inner_sanctum, serial_corexii_hall,
          corexii_hall_statues_l, corexii_hall_statues_x
D:2:      layout_basic, basic_altar, kennysheep_minor_cross, uniq_terence,
          uniq_robin
D:3:      layout_rooms, general_overflow_altar, serial_shops, shop
D:4:      layout_cave_pods, lemuel_zombie_altar_yredelemnul,
          mainiacjoe_overflow_alcove_4
D:5:      layout_loops_corners, lemuel_crystal_altar, temple_pool_b,
          st_stairs_11, grunt_ministairs_7, uniq_edmund

Skill      XL: |  1  2  3  4  5  6  7 |
---------------+----------------------+-----
Dodging        | 2 |  2.8
Stealth        | 2 3 |  3.3
Armour         | 1 2 |  2.6
Invocations    | 1 2 |  2.9
Fighting       | 3 |  3.4
Ranged Weapons | 5 |  5.4
Shields        | 1 2 |  2.6
Evocations     | 1 |  1.1

Action                   |  1- 3 |  4- 6 |  7- 9 || total
-------------------------+-------+-------+-------++-------
 Fire: Shortbow          |    58 |   164 |    29 ||   251
Invok: Wall of Briars    |       |     1 |       ||     1
 Abil: Dig               |     9 |       |       ||     9
       Shaft Self        |     1 |       |       ||     1
  Use: Scroll            |     3 |     6 |     2 ||    11
       Potion            |     2 |     3 |     2 ||     7
Armor: Leather armour    |    10 |    15 |       ||    25
       Skin              |       |     4 |       ||     4
       Ring mail         |       |       |     1 ||     1
Dodge: Dodged            |    25 |    38 |     4 ||    67
Block: Kite shield       |       |    28 |     5 ||    33

Table legend: (Time is in decaauts)
 A = Elapsed time spent in this place.
 B = Non-inter-level travel time spent in this place.
 C = Inter-level travel time spent in this place.
 D = Time resting spent in this place.
 E = Time spent auto-exploring this place.
 F = Levels seen in this place.
 G = Mean time per level.
                   A        B        C        D        E       F      G
               +--------+--------+--------+--------+--------+-----+--------+
         Total |   4307 |   4069 |    238 |     36 |   3430 |   5 |  861.4 |
       Dungeon |   4307 |   4069 |    238 |     36 |   3430 |   5 |  861.4 |
               +--------+--------+--------+--------+--------+-----+--------+

Top non-repeatable levels by time:
     D:4: 1280 daAuts
     D:1: 1128 daAuts
     D:2: 1084 daAuts
     D:3: 685 daAuts
     D:5: 127 daAuts
